 Dungeon Crawl Stone Soup version 0.25-a0-246-g58704a1ebd (webtiles) character file.

Game seed: 12358101443690586828, levelgen mode: classic

668 Borgoz the Twirler (level 7, -4/43 HPs)
             Began as a Gargoyle Gladiator on Dec 4, 2019.
             Was a Follower of Okawaru.
             Splashed by Pikel's acid (9 damage)
             ... on level 4 of the Dungeon.
             The game lasted 00:05:55 (4217 turns).

Borgoz the Twirler (Gargoyle Gladiator)             Turns: 4217, Time: 00:05:55

Health: -4/43      AC: 10    Str: 19    XL:     7   Next: 58%
Magic:  0/9        EV: 15    Int:  9    God:    Okawaru [*.....]
Gold:   264        SH:  0    Dex: 11    Spells: 6/6 levels left

rFire    . . .     SeeInvis .   a - +1 quarterstaff
rCold    . . .     Gourm    .   (shield currently unavailable)
rNeg     + . .     Faith    .   n - +3 ring mail
rPois    ∞         Spirit   +   c - +1 helmet
rElec    +         Reflect  .   (no cloak)
rCorr    .         Harm     .   (no gloves)
MR       .....                  (no boots)
Stlth    +.........             r - amulet of guardian spirit
HPRegen  0.14/turn              o - +3 ring of evasion
MPRegen  0.11/turn              i - +3 ring of protection

@: corroded
A: negative energy resistance 1, electricity resistance, unbreathing,
petrification resistance, rot immunity, AC +4
a: Heroism, Renounce Religion


You were on level 4 of the Dungeon.
You worshipped Okawaru.
Okawaru was aware of your devotion.
You were not hungry.

You visited 1 branch of the dungeon, and saw 4 of its levels.

You collected 264 gold pieces.

Inventory:

Hand Weapons
 a - a +1 quarterstaff (weapon)
Armour
 c - a +1 helmet (worn)
 n - a +3 ring mail (worn)
Jewellery
 i - a +3 ring of protection (right hand)
 o - a +3 ring of evasion (left hand)
 r - an amulet of guardian spirit (around neck)
Wands
 k - a wand of paralysis (7)
Scrolls
 b - a scroll of identify
 e - 2 scrolls of remove curse
 j - a scroll of fog
Potions
 h - a potion of curing
 p - a potion of ambrosia
 q - a potion of heal wounds
Comestibles
 f - 7 rations


   Skills:
 + Level 4.1 Fighting
 * Level 5.5 Staves
 - Level 1.7 Throwing
 + Level 3.3 Armour
 + Level 3.6 Dodging
 + Level 2.9 Invocations


You had 6 spell levels left.
You didn't know any spells.
Your spell library was empty.

Dungeon Overview and Level Annotations

Branches:
Dungeon (4/15)
 Temple: D:4-7

Altars:
Makhleb
Okawaru
Sif Muna
Wu Jian
Yredelemnul

Annotations:
D:4 Pikel


Innate Abilities, Weirdness & Mutations

You are resistant to torment.
Your stone body is resilient. (AC +4)
You are immune to poison.
You resist negative energy. (rN+)
You are resistant to electric shocks. (rElec)
You can survive without breathing.
You are immune to petrification.
You are immune to rotting.


Message History

The slave is severely wounded.
Pikel hits you but does no damage. The slave hits you but does no damage.
You hit the slave but do no damage.
The slave is severely wounded.
Pikel zaps a wand.
The bolt of acid misses you. The slave barely misses you.
You closely miss the slave.
The slave is severely wounded.
Pikel barely misses you. The slave closely misses you.
You barely miss the slave.
The slave is severely wounded.
Pikel zaps a wand.
The bolt of acid hits you but does no damage.
The acid corrodes you!
You are splashed with acid!
The slave hits you but does no damage.
You closely miss the slave.
The slave is severely wounded.
Pikel zaps a wand.
The bolt of acid hits you!!
* * * LOW HITPOINT WARNING * * *
The acid corrodes you!
You are splashed with acid!
You die...

***##########.#.#,* *,*
,,*,,,..........#,* *,*
*,*,**#######.###,*****,*
*,*,* *,,,#...#,,,,,,,*
*,*,* *,*,###.#********
*,*,*****,#.#<#.##
*,*,,,,,,,#......#
*,*****########..#
*,,,,,,.........@#####
*******#........Kpp..#
,,,,,,,....#####.###.#
,,,,,,,..#,* #.# #.#
******,.,*,****#.# #.#
,,,,,+,,,*,,,,,..# #.#
******,,,******### #.#
***** #K# #p#


You could see Pikel and 2 slaves.

Vanquished Creatures
  Grinder (D:4)
  Menkaure (D:4)
  2 slaves (D:4)
  An ogre (D:4)
  A crimson imp (D:4)
  An orc priest (D:3)
  An orc wizard (D:3)
  Ijyb (D:2)
  A worker ant (D:3)
  Robin (D:4)
  An adder (D:2)
  An ooze (D:1)
  3 worms
  A dart slug (D:1)
  6 leopard geckos
  5 orcs
  4 bats
  5 giant cockroaches
  18 goblins
  13 hobgoblins
  3 jackals (D:2)
  2 quokkas
  A ball python (D:4)
  4 frilled lizards
  4 kobolds
  13 rats
95 creatures vanquished.

Vanquished Creatures (others)
  A rat (D:2)
1 creature vanquished.

Grand Total: 96 creatures vanquished

Notes
Turn   | Place    | Note
-------+----------+-------------------------------------------
     0 | D:1      | Borgoz the Gargoyle Gladiator began the quest for the Orb.
     0 | D:1      | Reached XP level 1. HP: 12/12 MP: 1/1
   130 | D:1      | Reached XP level 2. HP: 10/18 MP: 2/2
   698 | D:1      | Reached skill level 1 in Armour
   742 | D:1      | Reached XP level 3. HP: 22/22 MP: 3/3
  1278 | D:2      | Found a shimmering blue altar of Sif Muna.
  1588 | D:2      | Found a basalt altar of Yredelemnul.
  1588 | D:2      | Found an iron altar of Okawaru.
  1589 | D:2      | Found an ornate altar of the Wu Jian Council.
  1615 | D:2      | Became a worshipper of Warmaster Okawaru
  1863 | D:2      | Reached XP level 4. HP: 14/27 MP: 4/4
  2072 | D:2      | Noticed Ijyb
  2091 | D:2      | Killed Ijyb
  2227 | D:3      | Reached skill level 4 in Staves
  2342 | D:3      | Reached skill level 1 in Invocations
  2342 | D:3      | Reached XP level 5. HP: 32/32 MP: 5/5
  3244 | D:4      | Noticed an ogre
  3255 | D:4      | Killed an ogre
  3255 | D:4      | Reached XP level 6. HP: 37/37 MP: 7/7
  3471 | D:4      | Noticed Robin
  3487 | D:4      | Killed Robin
  3764 | D:4      | Found a burning altar of Makhleb.
  3867 | D:4      | Noticed Menkaure
  3867 | D:4      | Noticed Grinder
  3870 | D:4      | Paralysed by Grinder for 5 turns
  3885 | D:4      | Killed Menkaure
  3885 | D:4      | Reached * piety under Okawaru
  3885 | D:4      | Reached skill level 5 in Staves
  3885 | D:4      | Reached XP level 7. HP: 42/42 MP: 8/8
  3890 | D:4      | Paralysed by Grinder for 4 turns
  3903 | D:4      | Paralysed by Grinder for 4 turns
  3916 | D:4      | Killed Grinder
  4029 | D:4      | Noticed Pikel
  4217 | D:4      | Splashed by Pikel's acid

Levels and vault maps discovered:
D:1:      kilobyte_arrival_exit_the_forest, layout_loops_corners,
          serial_bayou_pond_a
D:2:      kennysheep_the_goblin_king, layout_basic, old_standard_altar,
          gammafunk_temple_overflow_claw, grunt_ministairs_9, minmay_tromino_v7
D:3:      kennysheep_big_flooded_room, layout_basic
D:4:      layout_basic, makhleb_grotto_becter, first_ration,
          lemuel_statue_altar, uniq_robin, uniq_menkaure, uniq_pikel,
          uniq_grinder

Skill      XL: |  1  2  3  4  5  6  7 |
---------------+----------------------+-----
Armour         | 1 2 3 |  3.3
Fighting       | 3 4 |  4.1
Staves         | 4 5 |  5.5
Dodging        | 3 |  3.6
Invocations    | 1 2 |  2.9
Throwing       | |  1.7

Action                   |  1- 3 |  4- 6 |  7- 9 || total
-------------------------+-------+-------+-------++-------
Melee: Quarterstaff      |   106 |   153 |    58 ||   317
Throw: Throwing net      |       |       |     3 ||     3
Evoke: Wand              |       |     1 |       ||     1
  Use: Potion            |       |     2 |     1 ||     3
       Scroll            |       |     7 |     2 ||     9
 Stab: Paralysed         |       |     7 |       ||     7
       Held in net/web   |       |       |     1 ||     1
  Eat: Chunk             |     3 |     6 |       ||     9
       Ration            |       |       |     1 ||     1
Armor: Leather armour    |    46 |    24 |       ||    70
       Ring mail         |       |    25 |    29 ||    54
Dodge: Dodged            |    81 |    88 |    38 ||   207

Table legend:
 A = Non-vault XP
 B = Vault XP
 C = Vault XP percentage of total XP
 D = Non-vault monster count
 E = Vault monster count
 F = Vault count percentage of total count
                 A         B        C        D         E       F
            +---------+---------+-------+---------+---------+-------
      Total |     373 |     582 |  60.9 |      69 |      24 |  25.8
            +---------+---------+-------+---------+---------+-------
        D:1 |      38 |       0 |   0.0 |      19 |       0 |   0.0
        D:2 |      42 |      57 |  57.6 |      17 |      12 |  41.4
        D:3 |     154 |       6 |   3.8 |      24 |       2 |   7.7
        D:4 |     139 |     519 |  78.9 |       9 |      10 |  52.6
            +---------+---------+-------+---------+---------+-------
